 Dungeon Crawl Stone Soup version 0.29.1-12-g30fa7ad0bf (webtiles) character file.

Game seed: 4339057573490684732

233 safid the Shooter (level 5, 0/48 HPs)
             Began as a Minotaur Hunter on Dec 13, 2022.
             Shot with an arrow by a centaur (11 damage)
             ... on level 3 of the Dungeon.
             The game lasted 00:03:51 (2184 turns).

safid the Shooter (Minotaur Hunter)                 Turns: 2184, Time: 00:03:52

Health: 0/48       AC:  4    Str: 16    XL:     5   Next: 75%
Magic:  4/4        EV: 12    Int:  6    God:
Gold:   123        SH:  5    Dex: 15    Spells: 4/4 levels left

rFire   . . .      SeeInvis .   a - +0 shortbow
rCold   . . .      Faith    .   (shield currently unavailable)
rNeg    . . .      Spirit   .   c - +0 leather armour
rPois   .          Reflect  +   (helmet restricted)
rElec   .          Harm     .   f - +0 cloak
rCorr   .          Rampage  .   (no gloves)
Will    .....                   (no boots)
Stlth   +.........              h - amulet of reflection
HPRegen 0.16/turn               (no ring)
MPRegen 0.09/turn               (no ring)

@: no status effects
A: horns 2, retaliatory headbutt
a: no special abilities


You were on level 3 of the Dungeon.
You visited 1 branch of the dungeon, and saw 3 of its levels.

You collected 123 gold pieces.

Inventory:

Hand Weapons
 a - a +0 shortbow (weapon)
Armour
 c - a +0 leather armour (worn)
 f - a +0 cloak (worn)
Jewellery
 h - an amulet of reflection (around neck)
 k - a ring of positive energy
Scrolls
 b - a scroll of immolation
 d - 3 scrolls of identify {unknown}
 g - a scroll of butterflies {unknown}
 i - 4 scrolls of amnesia {unknown}
 m - a scroll of poison {unknown}
 n - a scroll of teleportation {unknown}
 o - a scroll of blinking {unknown}
 s - a scroll of fear {unknown}
Potions
 e - a potion of flight {unknown}
 j - 3 potions of curing {unknown}
 l - a potion of brilliance {unknown}
 p - 2 potions of degeneration {unknown}
 q - a potion of cancellation {unknown}
 r - a potion of lignification {unknown}


   Skills:
 + Level 5.4 Fighting
 + Level 6.3 Ranged Weapons
 - Level 2.1 Dodging
 - Level 0.7 Stealth


You had 4 spell levels left.
You didn't know any spells.
Your spell library contained the following spells:

 Spells                   Type           Power      Damage    Failure   Level
 Sandblast                Erth           0%         2d4       52%         1
 Passwall                 Tmut/Erth      0%         N/A       67%         2
 Scorch                   Fire           0%         2d5       67%         2
 Stone Arrow              Conj/Erth      0%         3d7       88%         3
 Flame Wave               Conj/Fire      0%         2d4       99%         4
 Summon Cactus Giant      Summ           0%         N/A       100%        6


Dungeon Overview and Level Annotations

Branches:
Dungeon (3/15)

Altars:
Fedhas

Shops:
D:1 *


Innate Abilities, Weirdness & Mutations

You have a pair of horns on your head.
You reflexively headbutt those who attack you in melee.


Message History

The centaur is lightly wounded.
The centaur shoots an arrow.
The arrow closely misses you.
The centaur shoots an arrow.
You reflect the arrow off an invisible shield around you!
The arrow hits the centaur!
You shoot an arrow.
The arrow hits the centaur but does no damage.
The centaur is moderately wounded.
The centaur shoots an arrow.
The arrow hits you!
The centaur shoots an arrow.
You reflect the arrow off an invisible shield around you!
The arrow hits the centaur!
You are too injured to fight recklessly!
You are too injured to fight recklessly!
You are too injured to fight recklessly!
You are too injured to fight recklessly!
You are too injured to fight recklessly!
You are too injured to fight recklessly!
You are too injured to fight recklessly!
You are too injured to fight recklessly!
Fire: a) +0 shortbow
Press: ? - help, Q - select action Shift-Dir - straight line, f/p - centaur
Aim: a centaur, wielding a +0 shortbow (severely wounded, 74% to hit)
You shoot an arrow. The arrow barely misses the centaur.
The centaur shoots an arrow.
The arrow closely misses you.
The centaur shoots an arrow.
The arrow misses you.
Unknown command.
Fire: a) +0 shortbow
Press: ? - help, Q - select action Shift-Dir - straight line, f/p - centaur
Aim: a centaur, wielding a +0 shortbow (severely wounded, 74% to hit)
You shoot an arrow. The arrow hits the centaur.
The centaur is almost dead.
Unknown command.
Fire: a) +0 shortbow
Press: ? - help, Q - select action Shift-Dir - straight line, f/p - centaur
Aim: a centaur, wielding a +0 shortbow (almost dead, 74% to hit)
You shoot an arrow. The arrow closely misses the centaur.
The centaur shoots an arrow.
The arrow hits you!
* * * LOW HITPOINT WARNING * * *
The centaur shoots an arrow.
The arrow hits you!
You die...

...##
..).
..c#
..#
..#
#.#
#.#
#@#
#.#
#.#
#.#
#.#
#.#
#.#
#<#
###


You could see a centaur.

Vanquished Creatures
  A phantom (D:2)
  3 gnolls (D:2)
  7 adders (D:2)
  8 endoplasms
  4 giant cockroaches
  6 goblins
  7 hobgoblins
  6 jackals
  2 quokkas
  5 ball pythons
  6 bats
  4 frilled lizards
  6 kobolds
  7 rats
72 creatures vanquished.

Vanquished Creatures (others)
  6 withered plants (D:1)
6 creatures vanquished.

Grand Total: 78 creatures vanquished

Notes
Turn   | Place    | Note
-------+----------+-------------------------------------------
     0 | D:1      | safid the Minotaur Hunter began the quest for the Orb.
     0 | D:1      | Reached XP level 1. HP: 18/18 MP: 0/0
     8 | D:1      | Noticed an electric eel
   155 | D:1      | Found Ipitosch's General Store.
   171 | D:1      | Reached XP level 2. HP: 25/25 MP: 1/1
   478 | D:1      | Reached skill level 5 in Ranged Weapons
   478 | D:1      | Reached XP level 3. HP: 25/31 MP: 2/2
   532 | D:1      | You fall into a shaft and drop 1 floor!
   532 | D:2      | Found a blossoming altar of Fedhas.
   640 | D:2      | Noticed a phantom
   653 | D:2      | Killed a phantom
   654 | D:2      | Reached XP level 4. HP: 12/41 MP: 3/3
  1033 | D:1      | Found a faded altar of an unknown god.
  1250 | D:2      | Reached XP level 5. HP: 47/47 MP: 4/4
  1327 | D:2      | Reached skill level 5 in Fighting
  1577 | D:2      | Reached skill level 6 in Ranged Weapons
  2173 | D:3      | Noticed a centaur
  2184 | D:3      | Shot with an arrow by a centaur

Illustrated notes

Levels and vault maps discovered:
D:1:      arrival_aquarium_a, layout_basic, ebering_ecumenical_altar_petrified,
          serial_shops, shop, roderic_lattice_a
D:2:      minmay_chambers_of_twos, layout_basic, basic_altar,
          minmay_tetromino_o2
D:3:      layout_basic, mainiacjoe_overflow_catch_the_wave

Skill      XL: |  1  2  3  4  5 |
---------------+----------------+-----
Fighting       | 3 4 5 |  5.4
Ranged Weapons | 5 6 |  6.3
Dodging        | |  2.1
Stealth        | |  0.7

Action                   |  1- 3 |  4- 6 || total
-------------------------+-------+-------++-------
 Fire: Shortbow          |    79 |   115 ||   194
Armor: Leather armour    |     5 |     7 ||    12
Dodge: Dodged            |    23 |    27 ||    50
Block: Other             |     6 |    14 ||    20
       Reflection        |       |     5 ||     5
